AoeStats
← tensorstage

Highland

504544937Analyzed
2v2 RM · 27d ago on Sep 5, 2026· 76m 6s· 4 players
Game mode
Random Map
Map size
Medium (4 player)
Population
200
Speed
Normal
Resources
Standard
Victory
Conquest
Starting age
Dark Age
Ending age
Imperial Age
RankedLock teamsTeams togetherTeam positionsShared explorationLock speedFull tech treeHidden civsTurbo modeCheats
Victory
Defeat
🇲🇽 Persians · Mexico
430
+14
🇲🇽 Sicilians · Mexico
430
+14
🇮🇳 Franks · India
419
-15
🇮🇳 Persians · India
365
-13
unfathomd
3:20 Loom
11:56 Feudal Age
14:25 Town Watch
14:27 Double-Bit Axe
21:02 Castle Age
29:15 Wheelbarrow
28:34 Gold Mining
28:36 Stone Mining
29:03 Scale Barding Armor
31:55 #83
31:36 Fletching
36:25 Hand Cart
43:48 Imperial Age
41:19 Town Patrol
42:43 Ballistics
42:19 Murder Holes
44:34 Chivalry
44:56 Conscription
44:04 Elite Throwing Axeman
44:40 Cavalier
45:39 Forging
45:30 Padded Archer Armor
46:55 Chemistry
47:34 Gold Shaft Mining
47:46 Hoardings
50:14 Paladin
52:50 Siege Engineers
52:33 Arrowslits
52:59 Masonry
53:23 Fortified Wall
59:44 Chain Barding Armor
59:40 Leather Archer Armor
59:26 Scale Mail Armor
60:02 Iron Casting
59:23 Bodkin Arrow
61:20 Sanctity
61:11 Fervor
61:16 Block Printing
61:27 Illumination
61:03 Devotion
61:38 Theocracy
60:59 Herbal Medicine
61:24 Heresy
61:51 Plate Barding Armor
67:44 Onager
67:44 Heavy Scorpion
67:45 Capped Ram
69:09 Husbandry
tensorstage
1:01 Loom
11:16 Feudal Age
13:07 Horse Collar
13:47 Double-Bit Axe
15:42 Wheelbarrow
15:52 Town Watch
26:45 Castle Age
26:59 Forging
26:50 Scale Mail Armor
27:04 Scale Barding Armor
27:20 Padded Archer Armor
27:19 Fletching
28:37 Hand Cart
29:03 Heavy Plow
29:17 Bow Saw
29:07 Gold Mining
29:13 Stone Mining
30:46 Town Patrol
31:39 Stone Shaft Mining
32:12 Gold Shaft Mining
34:56 Kamandaran
36:17 Thumb Ring
35:35 Crossbowman
41:39 Iron Casting
41:21 Chain Mail Armor
43:40 Imperial Age
41:34 Chain Barding Armor
41:30 Leather Archer Armor
41:11 Bodkin Arrow
44:13 Bloodlines
43:24 Light Cavalry
45:33 Blast Furnace
45:04 Plate Mail Armor
45:10 Plate Barding Armor
44:18 Sappers
45:09 Conscription
45:43 Capped Ram
47:32 Ring Archer Armor
52:23 Hoardings
52:12 Masonry
51:53 Heated Shot
52:24 Ballistics
53:05 Chemistry
52:03 Murder Holes
52:00 Guard Tower
53:19 Crop Rotation
54:05 Two-Man Saw
54:02 Hussar
60:00 Architecture
60:22 Squires
59:42 Pikeman
62:56 Elite War Elephant
63:47 Citadels
63:15 Halberdier
XxAngelxX07515
11:56 Feudal Age
13:52 Double-Bit Axe
19:48 Gold Mining
19:48 Stone Mining
19:44 Horse Collar
22:54 Bloodlines
23:54 Scale Barding Armor
24:43 Man-at-Arms
26:49 Wheelbarrow
26:02 Loom
30:13 Castle Age
29:22 Fishing Lines
31:40 Hand Cart
32:12 Thumb Ring
31:31 Crossbowman
32:40 Parthian Tactics
33:03 Light Cavalry
33:47 Husbandry
33:11 Elite Skirmisher
34:05 Squires
33:26 Pikeman
33:27 Long Swordsman
33:54 Gambesons
35:19 Scale Mail Armor
35:30 Forging
35:11 Fletching
35:22 Padded Archer Armor
35:43 Chain Barding Armor
36:34 Stone Shaft Mining
38:16 Gillnets
38:38 Medium Warships
37:50 Demolition Ship
39:15 Chain Mail Armor
39:36 Iron Casting
38:57 Bodkin Arrow
39:18 Leather Archer Armor
42:24 Masonry
42:15 Murder Holes
42:12 Heated Shot
42:33 Clinker Construction
42:35 Careening
43:13 Gold Shaft Mining
44:20 Bow Saw
44:29 Caravan
45:01 Coinage
49:11 Imperial Age
50:28 Kamandaran
49:48 Elite War Elephant
54:42 Blast Furnace
54:13 Plate Mail Armor
54:18 Plate Barding Armor
54:14 Ring Archer Armor
54:51 Chemistry
54:27 Architecture
56:33 Two-Man Saw
55:36 Heavy Plow
57:37 Siphons
57:28 Heavy Scorpion
58:40 Conscription
57:52 Sappers
58:58 Hoardings
61:17 Heavy Cavalry Archer
63:58 Citadels
DiegoMoost
6:55 Loom
12:36 Feudal Age
15:43 Horse Collar
15:50 Double-Bit Axe
19:53 Wheelbarrow
19:12 Fishing Lines
25:05 Castle Age
22:58 Gold Mining
22:59 Stone Mining
23:17 Man-at-Arms
25:40 Pikeman
28:50 Bow Saw
29:52 Gillnets
34:26 Ballistics
35:54 Hand Cart
35:27 Town Watch
37:00 First Crusade
40:53 Imperial Age
39:12 Light Cavalry
40:02 Bloodlines
39:54 Husbandry
39:17 Long Swordsman
39:43 Gambesons
43:22 Town Patrol
42:46 Elite Serjeant
43:48 Conscription
44:58 Chemistry
43:59 Caravan
44:12 Forging
44:02 Scale Mail Armor
44:09 Scale Barding Armor
44:06 Two-Handed Swordsman
46:05 Capped Ram
46:46 Heated Shot
47:08 Masonry
46:56 Murder Holes
47:58 Champion
50:45 Gold Shaft Mining
51:02 Heavy Scorpion
51:10 Cavalier
52:41 Siege Engineers
53:51 Siege Ram
56:24 Sappers
56:58 Halberdier
58:00 Forging
57:51 Scale Mail Armor
57:57 Scale Barding Armor
57:44 Fletching
57:54 Padded Archer Armor
59:22 Iron Casting
60:41 Chain Mail Armor
60:49 Chain Barding Armor
Connection lost

Rejoining the realm…

Still unreachable

The connection could not be restored.

Session expired

The server has moved on; the page needs a fresh start.